 Dungeon Crawl Stone Soup version 0.31-a0-300-g4ac5daa9c1 (webtiles) character file.

Game seed: 11050513848867950652

289 Losyloc the Magician (level 6, -2/37 HPs)
             Began as an Octopode Chaos Knight on July 16, 2023.
             Was a Plaything of Xom.
             Slain by a scorpion (7 damage)
             ... on level 4 of the Dungeon.
             The game lasted 00:07:50 (2737 turns).

Losyloc the Magician (Octopode Chaos Knight)        Turns: 2737, Time: 00:07:51

Health: -2/37      AC:  2    Str: 10 (11) XL:     6   Next: 31%
Magic:  0/12       EV: 13    Int: 15 (17) God:    Xom [....*.]
Gold:   170        SH:  0    Dex:  9 (11) Spells: 13/13 levels left

rFire   . . .        k - +4 quarterstaff (chaos)
rCold   . . .        (shield currently unavailable)
rNeg    . . .        b - +1 hat
rPois   +            h - amulet of guardian spirit
rElec   .            p - ring of poison resistance
rCorr   .            (no ring)
SInv    .            (no ring)
Will    .....        (no ring)
Stlth   ++           (no ring)
HPRegen 0.26/turn    (no ring)
MPRegen 0.13/turn    (no ring)
                     (no ring)

%: guardian spirit
@: no status effects
A: almost no armour, amphibious, 8 rings, camouflage 1, gelatinous body 1,
(nimble swimmer 1), tentacles, tentacle spike 1, frail 1
a: Renounce Religion


You were on level 4 of the Dungeon.
You worshipped Xom.
You were a beloved toy of Xom.
You visited 1 branch of the dungeon, and saw 4 of its levels.

You collected 170 gold pieces.

Inventory:

Hand Weapons
 k - a +4 quarterstaff of chaos (weapon)
Armour
 b - a +1 hat (worn)
Jewellery
 h - an amulet of guardian spirit (around mantle)
 i - a ring of ice
 p - a ring of poison resistance (left tentacle)
Scrolls
 d - 2 scrolls of identify {unknown}
 f - a scroll of noise {unknown}
 g - a scroll of amnesia {unknown}
 l - a scroll of immolation {unknown}
 m - a scroll of fear {unknown}
 n - a scroll of enchant armour {unknown}
 o - 2 scrolls of teleportation {unknown}
Potions
 c - a potion of lignification {unknown}
 e - a potion of magic {unknown}
 j - a potion of degeneration
Miscellaneous
 a - a piece from Xom's chessboard (14/15) (quivered)


   Skills:
 - Level 3.0 Fighting
 - Level 2.3 Dodging
 - Level 3.0 Unarmed Combat
 + Level 4.4 Spellcasting
 + Level 2.1 Conjurations
 + Level 2.2 Fire Magic


You had 13 spell levels left.
You didn't know any spells.
Your spell library contained the following spells:

 Spells                   Type           Power      Damage    Failure   Level
 Necrotise                Necr           12%        1d4       17%         1
 Dazzling Flash           Conj/Hex       12%        N/A       32%         3
 Volatile Blastmotes      Fire/Tloc      12%        2d11      32%         3
 Vampiric Draining        Necr           3%         2d6       45%         3
 Agony                    Necr           3%         N/A       99%         5
 Starburst                Conj/Fire      4%         6d4       100%        6
 Maxwell's Capacitive Co  Air            1%         ∞         100%        8


Dungeon Overview and Level Annotations

Branches:
Dungeon (4/15)
 Temple: D:4-7

Altars:
Fedhas
Qazlal
Vehumet
Zin

Shops:
D:3 [


Innate Abilities, Weirdness & Mutations

You cannot wear most types of armour.
You are amphibious.
You can wear up to eight rings at the same time.
Your skin changes colour to match your surroundings (Stealth+).
Your rubbery body absorbs attacks. (AC +1, EV +1)
((You are camouflaged when in or above water. (Stealth+)))
You have tentacles for arms and can constrict up to eight enemies at once.
One of your tentacles bears a spike.
You are frail. (-10% HP)


Message History

There was something very wrong with that liquid.
You feel weakened.
You feel dopey.
You feel clumsy. The acid dragon spits acid at you.
The splash of acid hits you!!
Ouch! That really hurt!
A shower of butterflies erupts from you!
You hear a shout!
You hear a bark!
Unknown command.
You hit the acid dragon but do no damage.
Your tentacle spike misses the acid dragon.
You tentacle-slap the acid dragon, but do no damage.
The acid dragon bites you. The acid dragon claws you.
* * * LOW HITPOINT WARNING * * *
You barely miss the acid dragon.
You pierce the acid dragon.
The acid dragon is lightly wounded.
You hear Xom's avuncular chuckle.
The scorpion flickers and vanishes!
Deactivating autopickup; reactivate with Ctrl-A.
You are now a beloved toy of Xom.
The acid dragon bites you.
* * * LOW HITPOINT WARNING * * *
The acid dragon claws you but does no damage.
The acid dragon barely misses you. The acid dragon claws you.
* * * LOW HITPOINT WARNING * * *
A jackal comes into view.
You closely miss the acid dragon.
Your tentacle spike misses the acid dragon.
You squeeze the acid dragon.
The acid dragon is moderately wounded.
Something barely misses you.
The acid dragon bites you but does no damage.
The acid dragon claws you.
* * * LOW HITPOINT WARNING * * *
Something stings you but does no damage.
You hit the acid dragon but do no damage.
Your squeeze misses the acid dragon.
The acid dragon is moderately wounded.
Something stings you!
You die...
Xom thinks this is hilarious!

#####. .. ......
.... .
.....#+#+##.... ..
..............
...##.).....h....
...<.b.........
#.##.D.#.#..#
#...>.@b_..#
############.#######
#..)...............#
#.########..[......#
#.# #.........# #.#
#.........# ######.#
#.........# #......#
#.........# #.######
#.........#


You could see an acid dragon (ally target) and a jackal.

Vanquished Creatures
  A scorpion (D:3)
  Crazy Yiuf (D:3)
  2 jellies (D:1)
  An orc wizard (D:3)
  2 adders (D:2)
  2 worms
  A dart slug (D:1)
  10 orcs
  11 endoplasms
  7 giant cockroaches
  3 goblins
  7 hobgoblins
  5 jackals
  4 quokkas
  4 ball pythons
  5 bats
  3 frilled lizards
  8 kobolds
  5 rats
82 creatures vanquished.

Notes
Turn   | Place    | Note
-------+----------+-------------------------------------------
     0 | D:1      | Losyloc the Octopode Chaos Knight began the quest for the
                  | Orb.
     0 | D:1      | Reached XP level 1. HP: 16/16 MP: 1/1
     1 | D:1      | Found a runed translucent door.
     2 | D:1      | Noticed a jelly
     3 | D:1      | Noticed a jelly
    12 | D:1      | Reached skill level 1 in Spellcasting
    19 | D:1      | XOM: potion effect (magic)
    20 | D:1      | Reached XP level 2. HP: 19/21 MP: 4/4
    30 | D:1      | Reached skill level 2 in Spellcasting
    30 | D:1      | Reached XP level 3. HP: 11/26 MP: 5/7
    40 | D:1      | Reached skill level 3 in Spellcasting
    40 | D:1      | Reached XP level 4. HP: 6/31 MP: 7/9
   370 | D:1      | XOM: silly message
   423 | D:1      | XOM: silly message
   529 | D:1      | XOM: swap monsters
   547 | D:1      | XOM: give mutations
   547 | D:1      | Gained mutation: You are frail. (-10% HP) [Xom's mischief]
   547 | D:1      | Gained mutation: You are partially covered in iridescent
                  | scales. (AC +2) [Xom's mischief]
   547 | D:1      | Lost mutation: You are partially covered in iridescent
                  | scales. (AC +2) [Xom's mischief]
   547 | D:1      | Gained mutation: One of your tentacles bears a spike.
                  | [Xom's mischief]
   782 | D:3      | Found a stormy altar of Qazlal.
   796 | D:3      | You fall into a shaft and drop 1 floor!
   800 | D:4      | Found a blossoming altar of Fedhas.
   826 | D:4      | Noticed an acid dragon
   898 | D:3      | Found Jeniatuz's Armour Shoppe.
   912 | D:3      | Reached XP level 5. HP: 31/32 MP: 10/10
   940 | D:3      | Reached skill level 4 in Spellcasting
   940 | D:3      | Reached skill level 1 in Conjurations
   940 | D:3      | Reached skill level 1 in Fire Magic
  1209 | D:3      | XOM: blink monster(s)
  1242 | D:3      | Found a radiant altar of Vehumet.
  1252 | D:3      | XOM: snakes to sticks
  1256 | D:3      | Reached XP level 6. HP: 32/37 MP: 9/12
  1313 | D:3      | Found a runed translucent door.
  1314 | D:3      | Noticed Crazy Yiuf
  1321 | D:3      | Killed Crazy Yiuf
  1412 | D:3      | Found a glowing silver altar of Zin.
  1732 | D:2      | Found a radiant altar of Vehumet.
  1765 | D:2      | Identified the +6 chain mail of Yredelemnul, Sharing {Drain
                  | +Inv rElec Dex+2}
  2389 | D:2      | XOM: torment (24/37 hp)
  2683 | D:3      | You fall into a shaft and drop 1 floor!
  2733 | D:4      | XOM: butterfly on damage
  2735 | D:4      | XOM: enchant monster (bad)
  2737 | D:4      | Slain by a scorpion

Illustrated notes

Levels and vault maps discovered:
D:1:      dpeg_arrival_caged_fury, layout_basic
D:2:      layout_loops_corners, basic_altar
D:3:      layout_basic, mainiacjoe_overflow_six_doors_small,
          grunt_qazlal_sundering, zin_scriptorium, serial_shops, shop,
          uniq_crazy_yiuf_cottage
D:4:      layout_basic, lemuel_crystal_altar, chequers_serial_rivers_small_a

Skill      XL: |  1  2  3  4  5  6 |
---------------+-------------------+-----
Spellcasting   | 1 2 3 4 |  4.4
Conjurations   | 1 2 |  2.1
Fire Magic     | 1 2 |  2.2
Fighting       | |  3.0
Dodging        | |  2.3
Unarmed Combat | |  3.0

Action                     |  1- 3 |  4- 6 || total
---------------------------+-------+-------++-------
  Melee: Unarmed           |    35 |   107 ||   142
         Constrict         |     5 |    37 ||    42
         Tentacles         |     5 |    25 ||    30
         Kick              |       |    36 ||    36
         Punch             |       |     7 ||     7
         Quarterstaff      |       |    28 ||    28
  Evoke: Piece from Xom's  |       |     1 ||     1
    Use: Potion            |       |     1 ||     1
   Stab: Sleeping          |       |    15 ||    15
 Armour: Skin              |     1 |    20 ||    21
  Dodge: Dodged            |    15 |    71 ||    86

Table legend: (Time is in decaauts)
 A = Elapsed time spent in this place.
 B = Non-inter-level travel time spent in this place.
 C = Inter-level travel time spent in this place.
 D = Time resting spent in this place.
 E = Time spent auto-exploring this place.
 F = Levels seen in this place.
 G = Mean time per level.
                   A        B        C        D        E       F      G
               +--------+--------+--------+--------+--------+-----+--------+
         Total |   2734 |   2543 |    191 |      0 |   2076 |   4 |  683.5 |
       Dungeon |   2734 |   2543 |    191 |      0 |   2076 |   4 |  683.5 |
               +--------+--------+--------+--------+--------+-----+--------+

Top non-repeatable levels by time:
     D:3: 976 daAuts
     D:2: 906 daAuts
     D:1: 757 daAuts
     D:4: 94 daAuts
